[Event "30th NATO Chess-ch 2019"]
[Site "Berlin"]
[Date "2019.09.14"]
[Round "1.1"]
[White "Ermalis, Rytis"]
[Black "Pavlidis, Antonios"]
[Result "0-1"]
[ECO "A69"]
[WhiteElo "1960"]
[BlackElo "2550"]
[Annotator "ChessBase"]
[PlyCount "98"]
[EventDate "2019.09.16"]
[EventType "swiss"]
[EventCountry "GER"]
[SourceTitle "playchess.com"]
[Source "ChessBase"]
[SourceQuality "1"]
[TimeControl "40/7200:1800"]

1. c4 Nf6 2. Nc3 g6 3. e4 d6 4. d4 Bg7 5. f4 c5 6. d5 O-O 7. Nf3 e6 8. Be2 exd5 9. cxd5 Re8 10. Nd2 Bd7 11. a4 Na6 12. O-O Rc8 13. e5 dxe5 14. fxe5 Rxe5 15. Nc4 Re8 16. Bf4 Ne4 17. Nxe4 Rxe4 18. Bd3 Rd4 19. Qf3 Bc6 20. dxc6 Rxd3 21. Be3 Qc7 22. cxb7 Re8 23. Ra3 Rd7 24. Bf4 Qxb7 25. Qxb7 Rxb7 26. Nd6 Bxb2 27. Raf3 Bd4+ 28. Kh1 Rbe7 29. Nxe8 Rxe8 30. Bd2 Re7 31. Bc3 Nb4 32. Re1 Rb7 33. Re8+ Kg7 34. h3 h5 35. Rd8 Nc6 36. Rd6 Rb1+ 37. Kh2 Ne5 38. Bxd4 cxd4 39. Rf2 d3 40. Rd5 Re1 41. Kg3 Re4 42. Rd2 Kf6 43. Ra5 Rd4 44. Rxa7 h4+ 45. Kf2 Nc4 46. Rd1 Rf4+ 47. Ke1 Re4+ 48. Kf2 Re2+ 49. Kf1 Ne3+ {[%emt 0:10:05] --- Ke5+ --- Nc4} 0-1

[Event "30th NATO Chess-ch 2019"]
[Site "Berlin"]
[Date "2019.09.14"]
[Round "1.2"]
[White "Helbig, Mark"]
[Black "Kruit, Erik"]
[Result "1-0"]
[ECO "A07"]
[WhiteElo "2332"]
[BlackElo "1941"]
[Annotator "NA"]
[PlyCount "125"]
[EventDate "2019.09.16"]
[EventType "swiss"]
[EventCountry "GER"]
[SourceTitle "playchess.com"]
[Source "ChessBase"]
[SourceQuality "1"]
[TimeControl "40/7200:1800"]

1. Nf3 d5 2. g3 Nc6 3. Bg2 e5 4. d3 Bf5 5. O-O Nge7 6. Nbd2 Qd7 7. c4 d4 8. b4 Ng6 9. b5 Nd8 10. Re1 Bd6 11. Ng5 c5 12. bxc6 Nxc6 13. Rb1 O-O 14. Qa4 Rac8 15. Nge4 Be7 16. Ba3 b6 17. Bxe7 Ngxe7 18. Qa3 Rfd8 19. c5 Nd5 20. Nd6 Nc3 21. Nxc8 Nxb1 22. Rxb1 Rxc8 23. cxb6 axb6 24. Rxb6 Be6 25. Bxc6 Rxc6 26. Qa8+ Rc8 27. Rb8 f6 28. Ne4 Qc7 29. Rxc8+ Qxc8 30. Qxc8+ Bxc8 31. Nc5 Kf8 32. e3 Ke7 33. exd4 exd4 34. Kf1 Kd6 35. Nb3 Kd5 36. f4 Bd7 37. Ke2 Bg4+ 38. Kd2 Bd7 39. h4 h6 40. Na5 Kc5 41. Nb3+ Kd5 42. a3 Ba4 43. Na5 Kc5 44. Nc4 Bb5 45. Nb2 Bd7 46. Kc2 Be6 47. Nc4 Bf5 48. a4 Kb4 49. a5 Kc5 50. a6 Bc8 51. a7 Bb7 52. Na5 Bd5 53. Nb3+ Kb6 54. Nxd4 Kxa7 55. Nf5 Kb6 56. Nxg7 Bf3 57. Ne8 f5 58. Nd6 Bg4 59. Nf7 h5 60. Ne5 Bh3 61. Kd2 Kc5 62. Ke3 Bg2 63. Nd7+ 1-0

[Event "30th NATO Chess-ch 2019"]
[Site "Berlin"]
[Date "2019.09.14"]
[Round "1.4"]
[White "Binder, Tamas"]
[Black "Ward, Julian T"]
[Result "1-0"]
[ECO "D10"]
[WhiteElo "2261"]
[BlackElo "2155"]
[Annotator "NA"]
[PlyCount "95"]
[EventDate "2019.09.16"]
[EventType "swiss"]
[EventCountry "GER"]
[SourceTitle "playchess.com"]
[Source "ChessBase"]
[SourceQuality "1"]
[TimeControl "40/7200:1800"]

1. d4 d5 2. c4 c6 3. e3 Nf6 4. Nc3 Nbd7 5. Nf3 dxc4 6. Bxc4 Nb6 7. Bb3 Bg4 8. Bxf7+ Kxf7 9. Ne5+ Ke8 10. Nxg4 Nxg4 11. Qxg4 Qd7 12. Qf3 e6 13. O-O Qf7 14. Qe2 Be7 15. b3 Qg6 16. a4 Rf8 17. Ba3 Bxa3 18. Rxa3 Nd5 19. Nxd5 exd5 20. b4 Rf7 21. b5 Qd6 22. Rc3 Rc8 23. Rfc1 Rfc7 24. Qc2 g6 25. g3 Kd7 26. Qb3 Ke7 27. bxc6 bxc6 28. Rc5 Rd7 29. Qc2 Rdc7 30. h4 Qe6 31. a5 Kd7 32. Rb1 Rf8 33. a6 Qf5 34. Qxf5+ Rxf5 35. Rb8 Rf7 36. Rc2 Kd6 37. Kg2 Rfd7 38. Kf3 c5 39. dxc5+ Rxc5 40. Rxc5 Kxc5 41. Rb7 Kc6 42. Rxd7 Kxd7 43. Kf4 h6 44. Ke5 Kc6 45. g4 Kb6 46. Kxd5 Kxa6 47. Kc6 Ka5 48. e4 1-0

[Event "30th NATO Chess-ch 2019"]
[Site "Berlin"]
[Date "2019.09.14"]
[Round "1.5"]
[White "Free, Graham"]
[Black "Sypien, Mateusz"]
[Result "0-1"]
[ECO "A08"]
[WhiteElo "2138"]
[BlackElo "2243"]
[Annotator "NA"]
[PlyCount "54"]
[EventDate "2019.09.16"]
[EventType "swiss"]
[EventCountry "GER"]
[SourceTitle "playchess.com"]
[Source "ChessBase"]
[SourceQuality "1"]
[TimeControl "40/7200:1800"]

1. e4 c5 2. Nf3 Nc6 3. d3 g6 4. g3 Bg7 5. Bg2 e6 6. O-O Nge7 7. c3 d5 8. Nbd2 O-O 9. Ne1 e5 10. exd5 Nxd5 11. Qb3 Nde7 12. Ne4 Qa5 13. Be3 Be6 14. Qc2 b6 15. Nf3 Rad8 16. a3 Qa6 17. Rfd1 h6 18. c4 Qc8 19. Qc1 Kh7 20. b4 f5 21. Nc3 f4 22. gxf4 exf4 23. Bd2 Bh3 24. Bxf4 Bxg2 25. Kxg2 Qg4+ 26. Bg3 Qxf3+ 27. Kg1 Rxd3 0-1

[Event "30th NATO Chess-ch 2019"]
[Site "Berlin"]
[Date "2019.09.14"]
[Round "1.6"]
[White "Delfino, Luigi"]
[Black "Pirs, Matjaz"]
[Result "0-1"]
[ECO "B21"]
[WhiteElo "2235"]
[BlackElo "2203"]
[Annotator "NA"]
[PlyCount "106"]
[EventDate "2019.09.16"]
[EventType "swiss"]
[EventCountry "GER"]
[SourceTitle "playchess.com"]
[Source "ChessBase"]
[SourceQuality "1"]
[TimeControl "40/7200:1800"]

1. f4 c5 2. e4 g6 3. d4 cxd4 4. Qxd4 Nf6 5. e5 Nc6 6. Qd3 Ng8 7. Bd2 Nh6 8. Bc3 Bg7 9. Nd2 O-O 10. O-O-O d5 11. Ndf3 e6 12. h4 Ng4 13. Nh3 h5 14. Be2 Qe7 15. Kb1 a5 16. Nd4 Nh6 17. Ng5 Nxd4 18. Bxd4 b6 19. Bf3 Ba6 20. Qd2 Rab8 21. Rdg1 Nf5 22. g4 Nxd4 23. Qxd4 f6 24. Nxe6 fxe5 25. Qd1 e4 26. Nxf8 Kxf8 27. Be2 Qb4 28. c3 Bxc3 29. Qb3 Bxe2 30. bxc3 Qxb3+ 31. axb3 Bxg4 32. Rg3 Kf7 33. Kc2 Ke6 34. Kd2 Kf5 35. Ke3 Rc8 36. Rc1 b5 37. Rg2 a4 38. bxa4 bxa4 39. Rb2 Rc4 40. Rb4 d4+ 41. Kf2 e3+ 42. Ke1 Rxc3 43. Rxc3 dxc3 44. Rxa4 c2 45. Rc4 Bd1 46. Kf1 Kg4 47. f5+ Kxf5 48. Kg2 Ke5 49. Kf1 Kd5 50. Rc7 Kd4 51. Rc8 Kd3 52. Rc7 c1=Q 53. Rxc1 Kd2 0-1

[Event "30th NATO Chess-ch 2019"]
[Site "Berlin"]
[Date "2019.09.14"]
[Round "1.7"]
[White "Middaugh, Jon S"]
[Black "Lakos, Nikoletta"]
[Result "0-1"]
[ECO "A53"]
[WhiteElo "1918"]
[BlackElo "2226"]
[Annotator "NA"]
[PlyCount "98"]
[EventDate "2019.09.16"]
[EventType "swiss"]
[EventCountry "GER"]
[SourceTitle "playchess.com"]
[Source "ChessBase"]
[SourceQuality "1"]
[TimeControl "40/7200:1800"]

1. d4 Nf6 2. c4 d6 3. Nc3 e5 4. dxe5 dxe5 5. Qxd8+ Kxd8 6. Bg5 Be6 7. Nf3 Nbd7 8. O-O-O Kc8 9. b3 Bb4 10. Nb1 Ne4 11. Be3 Bc5 12. Bxc5 Ndxc5 13. Rg1 Nxf2 14. Re1 f6 15. Nfd2 a5 16. Nc3 Ng4 17. h3 Ne3 18. Nd1 Nxf1 19. Rgxf1 c6 20. Nc3 Kc7 21. a4 Rhd8 22. Nce4 Nxe4 23. Nxe4 Rd4 24. Nd2 b5 25. Nf3 Rd7 26. cxb5 Bxb3 27. bxc6 Rd6 28. Kb2 Bxa4 29. Nxe5 fxe5 30. Rf7+ Kxc6 31. Rc1+ Kb6 32. Rxg7 Bc6 33. Ka3 Rg6 34. Rxh7 Rg3+ 35. Kb2 Rxg2 36. Rc2 Be4 37. Rh6+ Rg6 38. Rxg6+ Bxg6 39. Rc3 Rd8 40. Re3 e4 41. Kc3 Rh8 42. Kd4 a4 43. Ke5 Ra8 44. Rg3 Bh7 45. Kd6 Kb5 46. Rg7 a3 47. Rb7+ Kc4 48. Rxh7 a2 49. Rc7+ Kd4 0-1

[Event "30th NATO Chess-ch 2019"]
[Site "Berlin"]
[Date "2019.09.14"]
[Round "1.8"]
[White "Wantiez, Fabrice"]
[Black "Drenthen, Arjan"]
[Result "1-0"]
[ECO "C43"]
[WhiteElo "2225"]
[BlackElo "1917"]
[Annotator "NA"]
[PlyCount "125"]
[EventDate "2019.09.16"]
[EventType "swiss"]
[EventCountry "GER"]
[SourceTitle "playchess.com"]
[Source "ChessBase"]
[SourceQuality "1"]
[TimeControl "40/7200:1800"]

1. e4 e5 2. Nf3 Nf6 3. d4 Nxe4 4. Bd3 Nc6 5. d5 Nc5 6. dxc6 e4 7. Bc4 exf3 8. Qxf3 Qe7+ 9. Be3 dxc6 10. O-O Be6 11. Nd2 Bxc4 12. Nxc4 Qf6 13. Bxc5 Qxf3 14. Rfe1+ Kd8 15. gxf3 Bxc5 16. Ne5 Rf8 17. Rad1+ Bd6 18. c4 c5 19. b4 b6 20. bxc5 bxc5 21. Rd5 Kc8 22. Nd3 Rd8 23. Nxc5 c6 24. Rf5 Bxc5 25. Rxc5 Kc7 26. Rg5 g6 27. Ra5 Kb6 28. Ra4 Rd7 29. Rb1+ Kc5 30. Ra5+ Kd6 31. Kg2 Rad8 32. Kg3 Ke6 33. Rb3 h6 34. Rba3 Ra8 35. Ra6 Kd6 36. c5+ Kxc5 37. Rc3+ Kd6 38. Rcxc6+ Ke7 39. f4 Rg8 40. Kf3 h5 41. Rc5 f6 42. Rcc6 Rf8 43. Re6+ Kd8 44. Rxf6 Rxf6 45. Rxf6 Rg7 46. Kg3 g5 47. f5 Rc7 48. Rg6 Rc3+ 49. Kg2 g4 50. Rg5 Ra3 51. Rxh5 Rxa2 52. Rg5 Ra4 53. Kg3 a5 54. Rg7 Ra1 55. f6 Ke8 56. Re7+ Kf8 57. Ra7 Ra2 58. Kf4 Rxf2+ 59. Kg5 Rxh2 60. Kg6 Re2 61. Ra8+ Re8 62. Rxe8+ Kxe8 63. Kg7 1-0

[Event "30th NATO Chess-ch 2019"]
[Site "Berlin"]
[Date "2019.09.14"]
[Round "1.9"]
[White "Tammisto, Janek"]
[Black "Papasimakopoulos, Alexandros"]
[Result "0-1"]
[ECO "A46"]
[WhiteElo "1912"]
[BlackElo "2218"]
[Annotator "NA"]
[PlyCount "90"]
[EventDate "2019.09.16"]
[EventType "swiss"]
[EventCountry "GER"]
[SourceTitle "playchess.com"]
[Source "ChessBase"]
[SourceQuality "1"]
[TimeControl "40/7200:1800"]

1. d4 e6 2. Nf3 Nf6 3. Bg5 c5 4. e3 Qb6 5. b3 Ne4 6. c3 Nxg5 7. Nxg5 h6 8. Nf3 d5 9. Bd3 Nc6 10. O-O Bd6 11. Nbd2 O-O 12. Rc1 cxd4 13. exd4 Ba3 14. Rb1 a5 15. Ne5 Nxe5 16. dxe5 Qc7 17. c4 Qxe5 18. Nf3 Qh5 19. cxd5 Qxd5 20. Qe2 g6 21. Ne5 Bd6 22. Nc4 Bc7 23. Rfd1 Qg5 24. a4 b5 25. axb5 Bb7 26. f3 Qxb5 27. Kh1 Qh5 28. h3 Qg5 29. Ne3 Qf4 30. Nf1 Rab8 31. Qe3 Bd5 32. Qxf4 Bxf4 33. Bc4 Bxc4 34. bxc4 Rxb1 35. Rxb1 a4 36. g3 Be5 37. Rb5 Bc3 38. Ne3 a3 39. Nc2 a2 40. Rb3 a1=Q+ 41. Nxa1 Bxa1 42. Ra3 Bd4 43. Ra2 Rb8 44. Kg2 Rb2+ 45. Rxb2 Bxb2 0-1

[Event "30th NATO Chess-ch 2019"]
[Site "Berlin"]
[Date "2019.09.14"]
[Round "1.10"]
[White "Pietruszewski, Marcin"]
[Black "Noviks, Maris"]
[Result "1-0"]
[ECO "C60"]
[WhiteElo "2215"]
[BlackElo "1905"]
[Annotator "NA"]
[PlyCount "61"]
[EventDate "2019.09.16"]
[EventType "swiss"]
[EventCountry "GER"]
[SourceTitle "playchess.com"]
[Source "ChessBase"]
[SourceQuality "1"]
[TimeControl "40/7200:1800"]

1. e4 e5 2. Nf3 Nc6 3. Bb5 g6 4. d4 exd4 5. Bg5 Be7 6. Bxe7 Qxe7 7. Bxc6 dxc6 8. Qxd4 Nf6 9. Nc3 Bd7 10. O-O-O c5 11. Qe5 Qxe5 12. Nxe5 Be6 13. Nb5 Rc8 14. Nxa7 Ra8 15. Nb5 Rxa2 16. f3 Ra1+ 17. Kd2 Rxd1+ 18. Rxd1 Ke7 19. Nxc7 Bc8 20. Ke3 h5 21. h4 Rg8 22. Kf4 Rf8 23. Rd2 Nd7 24. Nd5+ Ke6 25. Nc4 f6 26. Nc7+ Ke7 27. Rd6 b6 28. Nd5+ Ke8 29. Ncxb6 Kd8 30. Nxd7 Bxd7 31. Rxf6 1-0

[Event "30th NATO Chess-ch 2019"]
[Site "Berlin"]
[Date "2019.09.14"]
[Round "1.11"]
[White "De Cat, Ben"]
[Black "Sycz, Dariusz"]
[Result "1/2-1/2"]
[ECO "D00"]
[WhiteElo "1891"]
[BlackElo "2215"]
[Annotator "NA"]
[PlyCount "162"]
[EventDate "2019.09.16"]
[EventType "swiss"]
[EventCountry "GER"]
[SourceTitle "playchess.com"]
[Source "ChessBase"]
[SourceQuality "1"]
[TimeControl "40/7200:1800"]

1. d4 d5 2. Nc3 Nf6 3. Bf4 e6 4. e3 Be7 5. Nf3 O-O 6. h3 c5 7. Be2 a6 8. Ne5 b5 9. Bf3 Bb7 10. O-O Qb6 11. Ne2 Nc6 12. Nxc6 Qxc6 13. c3 Nd7 14. b3 c4 15. b4 a5 16. a3 axb4 17. axb4 Rxa1 18. Qxa1 Ra8 19. Qb2 Qa6 20. Bc7 Qa2 21. Qc1 Ra3 22. Rd1 h6 23. g3 Nf6 24. Kf1 Qb3 25. Rd2 Qa4 26. Rb2 Nd7 27. Ba5 Bf6 28. Ng1 Ra1 29. Rb1 Ra2 30. Bd1 Qa3 31. Qxa3 Rxa3 32. Ne2 e5 33. Ke1 Nb8 34. Bc7 Nc6 35. f4 exd4 36. exd4 Bc8 37. g4 Bh4+ 38. Kd2 Ra2+ 39. Bc2 h5 40. Rg1 hxg4 41. hxg4 Be7 42. f5 g6 43. Bf4 Kg7 44. Be3 Bxb4 45. Rb1 Be7 46. Rxb5 gxf5 47. Nc1 Ra5 48. Rb6 Ra6 49. Rxa6 Bxa6 50. Bxf5 Bd6 51. Ne2 Ne7 52. Bc2 Bc8 53. g5 Bf5 54. Ba4 Kg6 55. Be8 Be6 56. Bf4 Bxf4+ 57. Nxf4+ Kf5 58. Ke3 Kxg5 59. Nxe6+ fxe6 60. Bf7 Kf6 61. Be8 Nf5+ 62. Kd2 Nd6 63. Bd7 Ne4+ 64. Kc2 Ng5 65. Kd2 Ke7 66. Ba4 Ne4+ 67. Kc2 Kd6 68. Be8 Ke7 69. Bc6 Kf6 70. Bd7 e5 71. dxe5+ Kxe5 72. Be8 d4 73. cxd4+ Kxd4 74. Bf7 c3 75. Bg6 Nd6 76. Bh7 Nc4 77. Kb3 Ne3 78. Bg6 Nd5 79. Bh7 Ke3 80. Kc4 Nf6 81. Kxc3 Nxh7 1/2-1/2

[Event "30th NATO Chess-ch 2019"]
[Site "Berlin"]
[Date "2019.09.14"]
[Round "1.12"]
[White "Valeinis, Janis"]
[Black "Demjen, Attila"]
[Result "1-0"]
[ECO "B08"]
[WhiteElo "2206"]
[BlackElo "1889"]
[Annotator "NA"]
[PlyCount "38"]
[EventDate "2019.09.16"]
[EventType "swiss"]
[EventCountry "GER"]
[SourceTitle "playchess.com"]
[Source "ChessBase"]
[SourceQuality "1"]
[TimeControl "40/7200:1800"]

1. d4 Nf6 2. Nc3 g6 3. e4 d6 4. Nf3 Bg7 5. Be2 O-O 6. h3 e5 7. dxe5 dxe5 8. Qxd8 Rxd8 9. Bg5 Re8 10. O-O-O c6 11. Nxe5 h6 12. Bf4 Nbd7 13. Nxd7 Nxe4 14. Nxe4 Rxe4 15. Be3 f5 16. Nc5 Re8 17. Bf3 Bf8 18. Z0 Re4 19. Nd3 Z0 {Bc1} 1-0

[Event "30th NATO Chess-ch 2019"]
[Site "Berlin"]
[Date "2019.09.14"]
[Round "1.13"]
[White "Wagenaar, Harm Theo"]
[Black "Andersen, Hans-Christoph"]
[Result "0-1"]
[ECO "A80"]
[WhiteElo "1879"]
[BlackElo "2201"]
[Annotator "ChessBase"]
[PlyCount "138"]
[EventDate "2019.09.16"]
[EventType "swiss"]
[EventCountry "GER"]
[SourceTitle "playchess.com"]
[Source "ChessBase"]
[SourceQuality "1"]
[TimeControl "40/7200:1800"]

1. d4 f5 2. Bg5 g6 3. Nd2 Bg7 4. e4 fxe4 5. Nxe4 d5 6. Nc5 b6 7. Nb3 Nh6 8. Nf3 Nf7 9. Bh4 O-O 10. Be2 Nd7 11. c3 Bb7 12. O-O Qe8 13. Re1 e5 14. dxe5 Nfxe5 15. Nbd4 Qf7 16. Ng5 Qf4 17. Ngf3 Qf7 18. Ng5 Qf4 19. Ngf3 Rae8 20. Bg3 Qf7 21. Nxe5 Bxe5 22. Rf1 a6 23. Bxe5 Nxe5 24. Nf3 Nd7 25. Qd2 Nc5 26. Rae1 Ne4 27. Qc2 c5 28. Bd3 Nd6 29. Rxe8 Rxe8 30. Re1 Rxe1+ 31. Nxe1 Qe6 32. Qe2 Qxe2 33. Bxe2 Kf7 34. f4 a5 35. Nf3 Bc8 36. Ne5+ Kf6 37. Kf2 Nf7 38. Ng4+ Ke7 39. Ne3 Kd6 40. Bf3 Be6 41. a3 d4 42. cxd4 cxd4 43. Nc2 Kc5 44. Be2 Bf5 45. Ne1 Nd6 46. Nd3+ Kc4 47. Nc1+ Kc5 48. b3 Ne4+ 49. Ke1 Nc3 50. Nd3+ Kd5 51. g4 Nxe2 52. gxf5 Nc3 53. a4 Ke4 54. Kd2 Nd5 55. Nf2+ Kxf4 56. Kd3 Ke5 57. Kc4 Nc7 58. Kd3 Kd5 59. h4 Ne6 60. Nh3 Nc5+ 61. Kc2 Ke5 62. Ng1 Kf4 63. Ne2+ Ke3 64. Nc1 d3+ 65. Kd1 d2 66. Na2 Nxb3 67. Nc3 Kd3 68. Nd5 Nc5 69. Nxb6 Ne4 0-1

[Event "30th NATO Chess-ch 2019"]
[Site "Berlin"]
[Date "2019.09.14"]
[Round "1.14"]
[White "Werksma, Arie"]
[Black "Kocur, Marc"]
[Result "1-0"]
[ECO "B00"]
[WhiteElo "2197"]
[BlackElo "1878"]
[Annotator "NA"]
[PlyCount "81"]
[EventDate "2019.09.16"]
[EventType "swiss"]
[EventCountry "GER"]
[SourceTitle "playchess.com"]
[Source "ChessBase"]
[SourceQuality "1"]
[TimeControl "40/7200:1800"]

1. e4 a6 2. d4 b5 3. Bd3 Bb7 4. Nf3 Nf6 5. Qe2 e6 6. O-O c5 7. c3 c4 8. Bc2 d5 9. e5 Nfd7 10. Bg5 Be7 11. Bxe7 Qxe7 12. Nbd2 Nc6 13. b3 O-O 14. Qe3 cxb3 15. axb3 Rfc8 16. Bd3 Nf8 17. b4 Nb8 18. Nb3 Nbd7 19. Nc5 Nxc5 20. dxc5 Re8 21. Nd4 Rac8 22. f4 f6 23. Rfe1 f5 24. Ra5 Rc7 25. Be2 Kh8 26. g3 Bc8 27. Rea1 Nd7 28. h3 Nb8 29. Kh2 Nc6 30. R5a2 Rg8 31. h4 g6 32. Kg1 Nd8 33. Kf2 Nf7 34. Rxa6 Bxa6 35. Rxa6 g5 36. Rxe6 Qd8 37. hxg5 Ra7 38. Rf6 Qe8 39. e6 Nxg5 40. fxg5 Ra2 41. Qe5 1-0

[Event "30th NATO Chess-ch 2019"]
[Site "Berlin"]
[Date "2019.09.14"]
[Round "1.15"]
[White "Glibert, Stephane"]
[Black "Wang, Eigen"]
[Result "0-1"]
[ECO "C00"]
[WhiteElo "1865"]
[BlackElo "2193"]
[Annotator "NA"]
[PlyCount "64"]
[EventDate "2019.09.16"]
[EventType "swiss"]
[EventCountry "GER"]
[SourceTitle "playchess.com"]
[Source "ChessBase"]
[SourceQuality "1"]
[TimeControl "40/7200:1800"]

1. e4 e6 2. Nf3 d5 3. Nc3 Nf6 4. d3 Be7 5. Bg5 h6 6. Bh4 c5 7. Qd2 Nc6 8. O-O-O d4 9. Bxf6 Bxf6 10. Ne2 e5 11. Kb1 Be6 12. Nc1 b5 13. h4 c4 14. g3 Qd7 15. Be2 Rc8 16. c3 Qb7 17. cxd4 exd4 18. e5 c3 19. Qf4 Nxe5 20. Rde1 Nc4 21. Nb3 O-O 22. Nfxd4 Nxb2 23. Nxe6 c2+ 24. Kc1 fxe6 25. Qe3 Qa6 26. Bg4 Kh8 27. Bxe6 Qa3 28. Kd2 Bc3+ 29. Ke2 Bxe1 30. Bxc8 Nd1 31. Qc1 Rxf2+ 32. Kxe1 Qe7+ 0-1

[Event "30th NATO Chess-ch 2019"]
[Site "Berlin"]
[Date "2019.09.14"]
[Round "1.16"]
[White "Everett, Elijah"]
[Black "Adolfssen, Rico"]
[Result "1-0"]
[ECO "B06"]
[WhiteElo "2187"]
[BlackElo "1864"]
[Annotator "NA"]
[PlyCount "53"]
[EventDate "2019.09.16"]
[EventType "swiss"]
[EventCountry "GER"]
[SourceTitle "playchess.com"]
[Source "ChessBase"]
[SourceQuality "1"]
[TimeControl "40/7200:1800"]

1. e4 g6 2. d4 Bg7 3. Nc3 d6 4. f4 Nd7 5. Nf3 b6 6. Bd3 c5 7. d5 Bb7 8. O-O Ngf6 9. Bc4 O-O 10. Qe2 a6 11. a4 Qc7 12. Re1 Ng4 13. h3 Bd4+ 14. Nxd4 cxd4 15. Nd1 Ngf6 16. b3 b5 17. axb5 axb5 18. Rxa8 Rxa8 19. Bxb5 Ra2 20. Bc4 Qa5 21. b4 Qa7 22. Bxa2 Qxa2 23. c4 Qa7 24. e5 dxe5 25. fxe5 Nh5 26. e6 Ng3 27. exf7+ 1-0

[Event "30th NATO Chess-ch 2019"]
[Site "Berlin"]
[Date "2019.09.14"]
[Round "1.17"]
[White "Bublys, Vaidotas"]
[Black "Mouroutis, Konstantinos"]
[Result "0-1"]
[ECO "B10"]
[WhiteElo "1863"]
[BlackElo "2181"]
[Annotator "NA"]
[PlyCount "136"]
[EventDate "2019.09.16"]
[EventType "swiss"]
[EventCountry "GER"]
[SourceTitle "playchess.com"]
[Source "ChessBase"]
[SourceQuality "1"]
[TimeControl "40/7200:1800"]

1. c4 c6 2. e4 d5 3. exd5 cxd5 4. cxd5 Qxd5 5. Nc3 Qa5 6. Qb3 Nc6 7. Bc4 e6 8. Nf3 Nf6 9. d4 a6 10. Bd2 Qc7 11. Qc2 Nxd4 12. Nxd4 Qxc4 13. Qa4+ Qxa4 14. Nxa4 Nd5 15. Nc3 Nb6 16. O-O Nc4 17. Bc1 Bc5 18. Nc2 b5 19. b3 Ne5 20. Ne4 Be7 21. Rd1 O-O 22. Bb2 Ng6 23. Nd6 Rd8 24. Nxc8 Raxc8 25. Ne3 Nf4 26. Rxd8+ Rxd8 27. Rd1 Nd3 28. Bc3 b4 29. Ba1 Bc5 30. Kf1 Kf8 31. g3 Be7 32. Ke2 Nc5 33. Rxd8+ Bxd8 34. Nc4 f6 35. Ke3 e5 36. f3 Ke7 37. f4 exf4+ 38. gxf4 Bc7 39. h3 Ne6 40. f5 Nf4 41. Bd4 Nxh3 42. Bc5+ Kd7 43. Bxb4 Nf4 44. Ke4 Ne2 45. Be1 Nc1 46. Ne3 Nxa2 47. Bd2 g5 48. Nd5 Bd8 49. Be3 Ke8 50. Bd4 Kf7 51. Bb2 h5 52. Kf3 Be7 53. Nc7 Nb4 54. Ba3 a5 55. Ne6 Bd6 56. Bb2 Nc6 57. Bc3 Be5 58. Bd2 Bd6 59. Be1 Bb4 60. Bf2 Ne7 61. Ke4 Nc8 62. Bg3 h4 63. Bc7 Nd6+ 64. Bxd6 Bxd6 65. Nd8+ Kg7 66. Ne6+ Kh6 67. Kf3 h3 68. Nd4 g4+ 0-1

[Event "30th NATO Chess-ch 2019"]
[Site "Berlin"]
[Date "2019.09.14"]
[Round "1.18"]
[White "Watters, Chase"]
[Black "Korge, Kersti"]
[Result "1-0"]
[ECO "A48"]
[WhiteElo "2179"]
[BlackElo "1842"]
[Annotator "NA"]
[PlyCount "81"]
[EventDate "2019.09.16"]
[EventType "swiss"]
[EventCountry "GER"]
[SourceTitle "playchess.com"]
[Source "ChessBase"]
[SourceQuality "1"]
[TimeControl "40/7200:1800"]

1. d4 Nf6 2. Bf4 d6 3. Nf3 g6 4. c4 c5 5. e3 Bg7 6. h3 Qa5+ 7. Nc3 Ne4 8. Bd3 Nxc3 9. Qd2 Nc6 10. Qxc3 Qxc3+ 11. bxc3 e5 12. Bg3 f5 13. Bc2 O-O 14. O-O-O b6 15. dxc5 dxc5 16. Ba4 Bb7 17. Rd7 Na5 18. Rxb7 Nxb7 19. Bc6 Rab8 20. Bd5+ Kh8 21. Nxe5 Nd6 22. Nxg6+ hxg6 23. Bxd6 Bxc3 24. Kc2 Bf6 25. g4 fxg4 26. hxg4+ Kg7 27. f4 Rbe8 28. g5 Bd8 29. Bxf8+ Kxf8 30. Rh8+ Ke7 31. Rh7+ Kd6 32. e4 Re7 33. e5+ Kd7 34. Bf7 a6 35. a4 Kc6 36. Bxg6 Rxh7 37. Bxh7 Kd7 38. g6 Ke8 39. g7 Kf7 40. Kd3 Ke8 41. Ke4 {cxd4 Bd3} 1-0

[Event "30th NATO Chess-ch 2019"]
[Site "Berlin"]
[Date "2019.09.14"]
[Round "1.19"]
[White "Cappon, Kaan"]
[Black "Pavlidou, Ekaterini"]
[Result "0-1"]
[ECO "B32"]
[WhiteElo "1841"]
[BlackElo "2178"]
[Annotator "NA"]
[PlyCount "38"]
[EventDate "2019.09.16"]
[EventType "swiss"]
[EventCountry "GER"]
[SourceTitle "playchess.com"]
[Source "ChessBase"]
[SourceQuality "1"]
[TimeControl "40/7200:1800"]

1. e4 c5 2. Nf3 Nc6 3. d4 cxd4 4. Nxd4 e5 5. Nb5 d6 6. c4 g6 7. N1c3 a6 8. Na3 Bg7 9. Be2 Nge7 10. O-O O-O 11. Bg5 h6 12. Be3 f5 13. f3 f4 14. Bf2 Nd4 15. Qd2 Be6 16. Rfc1 Rc8 17. b3 Qa5 18. Qb2 Nec6 19. Nc2 Qxc3 0-1

[Event "30th NATO Chess-ch 2019"]
[Site "Berlin"]
[Date "2019.09.14"]
[Round "1.20"]
[White "Kedzierski, Slawomir"]
[Black "Christen, Peter"]
[Result "1-0"]
[ECO "B10"]
[WhiteElo "2163"]
[BlackElo "2153"]
[Annotator "NA"]
[PlyCount "103"]
[EventDate "2019.09.16"]
[EventType "swiss"]
[EventCountry "GER"]
[SourceTitle "playchess.com"]
[Source "ChessBase"]
[SourceQuality "1"]
[TimeControl "40/7200:1800"]

1. e4 c6 2. d3 d5 3. Nd2 Nf6 4. Ngf3 Bg4 5. h3 Bxf3 6. Qxf3 Nbd7 7. g3 e6 8. Bg2 Bd6 9. O-O O-O 10. Qe2 Qb6 11. Kh2 dxe4 12. dxe4 e5 13. Nc4 Qa6 14. Rd1 Nb6 15. Rxd6 Qxc4 16. Rd3 Rad8 17. b3 Qa6 18. c4 Rxd3 19. Qxd3 Nbd7 20. Qd6 Qb6 21. Be3 c5 22. Qxb6 axb6 23. Rd1 h6 24. g4 g5 25. Kg3 Rd8 26. h4 Nh7 27. b4 Kf8 28. bxc5 bxc5 29. Bxc5+ Ke8 30. Bb4 Nhf8 31. Bf1 b6 32. hxg5 hxg5 33. Be2 Ne6 34. Rd6 Nec5 35. f3 Rc8 36. Kf2 Ke7 37. Rh6 Nf6 38. Bd2 Rg8 39. Ke1 Ne6 40. Bb4+ Nc5 41. Kd2 Rc8 42. Kc1 Nfd7 43. Kb2 f6 44. Rh7+ Kd8 45. Kc3 Kc7 46. Bd1 Kc6 47. Rh6 b5 48. Be2 bxc4 49. Bxc4 Kb6 50. Bxc5+ Rxc5 51. Kb4 Rc6 52. Bb5 1-0

[Event "30th NATO Chess-ch 2019"]
[Site "Berlin"]
[Date "2019.09.14"]
[Round "1.21"]
[White "Crapulli, Giuseppe"]
[Black "Bohn, Ulrich"]
[Result "0-1"]
[ECO "B07"]
[WhiteElo "1836"]
[BlackElo "2157"]
[Annotator "NA"]
[PlyCount "62"]
[EventDate "2019.09.16"]
[EventType "swiss"]
[EventCountry "GER"]
[SourceTitle "playchess.com"]
[Source "ChessBase"]
[SourceQuality "1"]
[TimeControl "40/7200:1800"]

1. e4 g6 2. d4 Bg7 3. Nc3 d6 4. g3 Nf6 5. Bg2 O-O 6. Nge2 Nbd7 7. O-O c5 8. h3 Rb8 9. a4 b6 10. Be3 a6 11. Qd2 cxd4 12. Nxd4 Ne5 13. b3 Qc7 14. f4 Ned7 15. e5 dxe5 16. Nc6 exf4 17. Bxf4 e5 18. Bh6 Rb7 19. Ne7+ Kh8 20. Bxg7+ Kxg7 21. Nxc8 Qc5+ 22. Kh2 Rc7 23. Nxb6 Qxc3 24. Qxc3 Rxc3 25. Nxd7 Nxd7 26. Rf2 f5 27. b4 Rb8 28. Bf1 Rxb4 29. Bxa6 Nc5 30. Bf1 Rxa4 31. Rxa4 Nxa4 0-1

[Event "30th NATO Chess-ch 2019"]
[Site "Berlin"]
[Date "2019.09.14"]
[Round "1.22"]
[White "Tommasini, Enzo"]
[Black "Slaidins, Janis"]
[Result "1-0"]
[ECO "E05"]
[WhiteElo "2147"]
[BlackElo "1834"]
[Annotator "NA"]
[PlyCount "70"]
[EventDate "2019.09.16"]
[EventType "swiss"]
[EventCountry "GER"]
[SourceTitle "playchess.com"]
[Source "ChessBase"]
[SourceQuality "1"]
[TimeControl "40/7200:1800"]

1. Nf3 d5 2. d4 e6 3. g3 Nf6 4. Bg2 Be7 5. O-O O-O 6. c4 dxc4 7. Qc2 b5 8. a4 Ba6 9. axb5 Bxb5 10. Nc3 Bc6 11. e4 Nbd7 12. Rd1 Nb6 13. Ne5 Bb7 14. Be3 Nfd7 15. Nb5 a6 16. Na3 Bxa3 17. Rxa3 Nxe5 18. dxe5 Qe7 19. Bf1 Rfd8 20. Rxd8+ Rxd8 21. Bxc4 Qb4 22. Bd3 Rd7 23. Kf1 h6 24. Bc5 Qd2 25. Qxd2 Nc4 26. Qc2 Nxe5 27. Bxa6 Bc6 28. Be2 f6 29. f4 Nf7 30. Bc4 e5 31. fxe5 fxe5 32. Rf3 h5 33. Qd1 Z0 34. Rxf7 Z0 35. Be7 Rd2 1-0